 Dungeon Crawl Stone Soup version 0.14-a0-2001-g390038d (webtiles) character file.

144 M4edhros the Practitioner (level 4, -1/25 HPs)
             Began as a Kobold Healer on Jan 18, 2014.
             Was a Believer of Elyvilon.
             Slain by a worm (6 damage)
             ... on Level 4 of the Dungeon.
             The game lasted 00:06:52 (2857 turns).

M4edhros the Practitioner (Kobold Healer)           Turns: 2857, Time: 00:06:52

HP  -1/25        AC  5     Str 11      XL: 4   Next: 60%
MP   8/8         EV 11     Int 10      God: Elyvilon [**....]
Gold 67          SH  0     Dex 15      Spells:  0 memorised,  3 levels left

rFire  . . .     SeeInvis .     m - +0 short sword
rCold  . . .     Clarity  .     o - +0 ring mail {rPois}
rNeg   . . .     Conserve .     (no shield)
rPois  +         rCorr    .     (no helmet)
rElec  .         rRot     .     (no cloak)
SustAb . .       Spirit   .     (no gloves)
rMut   .         Warding  .     (no boots)
Saprov + + .     Stasis   .     (no amulet)
MR     .....                    (no ring)
                                (no ring)

@: not resistant to hostile enchantments, very unstealthy
A: disease resistance, carnivore 3, saprovore 2
a: Lesser Healing, Lesser Self-Healing, Divine Protection, Purification,
Renounce Religion


You were on level 4 of the Dungeon.
You worshipped Elyvilon.
Elyvilon was pleased with you.
You were not hungry.

You visited 1 branch of the dungeon, and saw 4 of its levels.

You collected 67 gold pieces.

Inventory:

Hand weapons
 e - a +0,+0 short sword
 m - a +0,+0 short sword (weapon)
Armour
 a - a +1 robe
 o - a +0 ring mail of poison resistance (worn)
Comestibles
 d - 3 meat rations
Scrolls
 f - a scroll of amnesia {unknown}
 g - a scroll of recharging {unknown}
 h - 3 scrolls of identify {unknown}
 i - a scroll of remove curse {unknown}
 j - a scroll of teleportation {unknown}
 k - a scroll of immolation {unknown}
 l - a scroll of enchant weapon II {unknown}
 n - a scroll of random uselessness {unknown}
Potions
 b - a potion of curing
 c - a potion of heal wounds
 p - a potion of speed {unknown}


   Skills:
 - Level 1.1 Fighting
 - Level 2.4 Dodging
 + Level 5.3 Invocations


You had 3 spell levels left.
You didn't know any spells.

Dungeon Overview and Level Annotations

Branches:
Dungeon (4/16)
 Temple: D:4-7

Altars:

Annotations:
D:3 Ijyb


Innate Abilities, Weirdness & Mutations

You recuperate from illness quickly.
You are small and have problems with some larger weapons.
You are carnivorous and can eat meat at any time.
You can eat rotten meat.


Message History

The worm bites you.
You hit the worm.
The worm is almost dead.
You hit the worm.
The worm is almost dead.
The worm barely misses you.
You hit the worm but do no damage.
The worm is almost dead.
The worm bites you!
* * * LOW HITPOINT WARNING * * *
You are too injured to fight recklessly!
You barely miss the worm.
The worm is almost dead.
You barely miss the worm.
The worm is almost dead.
The worm barely misses you.
You barely miss the worm.
The worm is almost dead.
The worm bites you.
You die...

#### ### #.. ..# ####
#.# #.#
....#########.### #.#
#........w....# #.#
###...#####.#.###.####
###.....####.#........#
#.......##.........##.#
#...####.@#.###...####.#
#..# ##.w.# #...####.#
.. #####..# #.....##.#
#...#..# ##..#.##.#
#.....# #..#<##.#
###...####.......#
##........#.####
#..####...#.#
#....+........#


You could see a worm.

Vanquished Creatures
  A worm (D:2)
  A giant gecko (D:1)
  An ooze (D:1)
  A ball python (D:1)
  4 bats
  A giant cockroach (D:1)
  4 goblins
  8 hobgoblins
  A giant newt (D:2)
  A hobgoblin skeleton (D:4)
  6 kobolds
  5 rats
34 creatures vanquished.

Vanquished Creatures (others)
  An adder (D:2)
  A giant gecko (D:2)
  A goblin (D:2)
  A bat (D:2)
  2 jackals (D:2)
6 creatures vanquished.

Grand Total: 40 creatures vanquished

Notes
Turn   | Place    | Note
--------------------------------------------------------------
     0 | D:1      | M4edhros, the Kobold Healer, began the quest for the Orb.
     0 | D:1      | Reached XP level 1. HP: 12/12 MP: 2/2
   557 | D:1      | Reached XP level 2. HP: 14/16 MP: 4/4
   894 | D:1      | Reached skill level 4 in Invocations
   943 | D:1      | Reached XP level 3. HP: 7/20 MP: 1/5
  2191 | D:2      | Reached XP level 4. HP: 25/25 MP: 7/7
  2219 | D:2      | Reached skill level 5 in Invocations
  2458 | D:2      | Noticed Ijyb
  2857 | D:4      | Slain by a worm

Action                   |  1- 3 |  4- 6 || total
-------------------------+-------+-------++-------
Melee: Short sword       |   121 |    63 ||   184
       Unarmed           |    15 |       ||    15
Invok: Lesser Healing    |    16 |    13 ||    29
  Use: Potion            |     1 |       ||     1
 Stab: Sleeping          |     1 |     1 ||     2
